 Dungeon Crawl Stone Soup version 0.28.0 (webtiles) character file.

Game seed: 456167139648325325

3203 pkoi the Archer (level 9, -10/78 HPs)
             Began as a Minotaur Hunter on Feb 8, 2022.
             Was a Follower of Dithmenos.
             Mangled by an ogre (19 damage)
             ... on level 5 of the Dungeon.
             The game lasted 00:09:07 (7966 turns).

pkoi the Archer (Minotaur Hunter)                   Turns: 7966, Time: 00:09:08

Health: -10/78     AC:  6    Str: 17    XL:     9   Next: 65%
Magic:  8/8        EV: 14    Int:  8    God:    Dithmenos [*.....]
Gold:   268        SH:  0    Dex: 15    Spells: 8/8 levels left

rFire   . . .      SeeInvis +   b - +6 trident of Conscience {flame, SInv}
rCold   . . .      Faith    .   (no shield)
rNeg    . . .      Spirit   .   c - +1 leather armour
rPois   .          Reflect  .   m - +2 hat
rElec   .          Harm     .   (no cloak)
rCorr   .          Rampage  .   (no gloves)
Will    ++...                   (no boots)
Stlth   +++.......              (no amulet)
HPRegen 0.23/turn               (no ring)
MPRegen 0.11/turn               (no ring)

@: mighty, wreathed by umbra, invisible
A: horns 2, retaliatory headbutt, strong-willed 2
a: Renounce Religion


You were on level 5 of the Dungeon.
You worshipped Dithmenos.
Dithmenos was aware of your devotion.
You visited 2 branches of the dungeon, and saw 8 of its levels.

You collected 268 gold pieces.

Inventory:

Hand Weapons
 a - a +1 shortbow
 b - the +6 trident of Conscience (weapon) {flame, SInv}
   (You found it on level 3 of the Dungeon)

   It burns those it strikes, dealing additional fire damage.
   SInv:      It lets you see invisible.
 g - a +0 short sword
 r - a +2 whip of pain
Missiles
 d - 50 arrows
 l - a throwing net (quivered)
Armour
 c - a +1 leather armour (worn)
 m - a +2 hat (worn)
Jewellery
 e - a ring of resist corrosion
 h - a ring of flight
Wands
 q - a wand of acid (4)
Scrolls
 i - 2 scrolls of identify
 s - a scroll of teleportation
Potions
 f - 4 potions of curing
 k - 2 potions of attraction
 n - a potion of mutation
 o - a potion of might
 p - a potion of heal wounds


   Skills:
 + Level 6.6 Fighting
 * Level 11.2 Bows
 - Level 5.0 Armour
 + Level 5.9 Dodging
 + Level 4.5 Stealth


You had 8 spell levels left.
You didn't know any spells.
Your spell library contained the following spells:

 Spells                   Type           Power      Damage    Failure   Level
 Magic Dart               Conj           0%         1d3       45%         1
 Sting                    Tmut/Pois      0%         1d3       45%         1
 Call Imp                 Summ           0%         N/A       61%         2
 Mephitic Cloud           Conj/Pois/Air  0%         N/A       83%         3
 Summon Guardian Golem    Hex/Summ       0%         N/A       83%         3
 Orb of Destruction       Conj           0%         9d5       100%        7
 Spellforged Servitor     Conj/Summ      0%         N/A       100%        7


Dungeon Overview and Level Annotations

Branches:
Dungeon (7/15)             Temple (1/1) D:4

Altars:
Ashenzari
Cheibriados
Dithmenos
Elyvilon
Gozag
Hepliaklqana
Kikubaaqudgha
Makhleb
Nemelex Xobeh
Qazlal
Ru
Sif Muna
Vehumet
Wu Jian
Yredelemnul
Zin
The Shining One

Shops:
D:3 :

Annotations:
D:6 Maggie


Innate Abilities, Weirdness & Mutations

You have a pair of horns on your head.
You reflexively headbutt those who attack you in melee.
You are highly strong-willed. (Will++)


Message History

* * * LOW HITPOINT WARNING * * *
There is an open door, spattered with blood here.
The +6 trident of Conscience {flame, SInv} stops flaming.
a - a +1 shortbow (weapon)
You are too injured to fight recklessly!
Fire: 54 arrows
Press: ? - help, Q - select action, (/) - cycle Shift-Dir - straight line, f - Maggie
Aim: Maggie, wielding the +9 lance "Wyrmbane" {slay drac, rPois rF+ rC+ AC+3} and wearing +2 steam dragon scales (moderately wounded, 68% to hit)
You shoot an arrow. The arrow hits Maggie.
Maggie is moderately wounded.
Fire: 53 arrows
Press: ? - help, Q - select action, (/) - cycle Shift-Dir - straight line, f/p - Maggie
Aim: Maggie, wielding the +9 lance "Wyrmbane" {slay drac, rPois rF+ rC+ AC+3} and wearing +2 steam dragon scales (moderately wounded, 68% to hit)
You shoot an arrow. The arrow barely misses Maggie.
Unknown command.
There is a stone staircase leading up here.
You climb upwards.
The ogre shouts!
There is a stone staircase leading down here.
An ogre is nearby!
An ogre is nearby!
An ogre is nearby!
Fire: 52 arrows
Press: ? - help, Q - select action, (/) - cycle Shift-Dir - straight line, f - ogre
Aim: an ogre, wielding a +0 giant club (80% to hit)
You shoot an arrow. The arrow hits the ogre.
The ogre is lightly wounded.
Unknown command.
Fire: 51 arrows
Press: ? - help, Q - select action, (/) - cycle Shift-Dir - straight line, f/p - ogre
Aim: an ogre, wielding a +0 giant club (lightly wounded, 80% to hit)
You shoot an arrow. The arrow hits the ogre!
The ogre is heavily wounded.
Unknown command.
The +6 trident of Conscience {flame, SInv} bursts into flame!
b - the +6 trident of Conscience (weapon)
{flame, SInv} You puncture the ogre!
You burn the ogre.
The ogre is severely wounded.
The ogre hits you with a +0 giant club!!
You die...

#.##....###.(.###..###...###..##.
......###...†##...†..##.^..##....
#....###....##..####..##)...##...
#.....#....##..##..##..##...[####
#####.#....#..##§..≈##.......#..#
...##.#....#8.#.(##..#.8#.)..#...
##..#.#....#.)#.(...≈#).#....#...
......#....#..#.O>⌠.≈#..#....#...
.....##....#8.#(@##..#.8#....#...
....###....#..##....##..#....#.##
.....##....##...#..##..##....#.#.
....####....##..####..##....##...
.......##....##......##....##....
.....##.###...###..#.#...###.....
.###.####.##....####...###.......
.##...#....†###......###.........
###...#.......###.#######........


You could see an ogre.

Vanquished Creatures
  A two-headed ogre (D:5)
  An unseen horror (D:6)
  Prince Ribbit (D:6)
  A shadow (D:5)
  Menkaure (D:6)
  A water moccasin (D:6)
  A sky beast (D:4)
  An orc warrior (D:6)
  2 ogres
  A phantom (D:5)
  A bullfrog (D:6)
  2 scorpions
  A wyvern skeleton (D:7)
  A water moccasin skeleton (D:4)
  A bullfrog zombie (D:5)
  5 hounds
  3 jellies (D:5)
  2 orc priests
  3 centaur skeletons
  An iguana (D:4)
  Terence (D:2)
  4 orc wizards
  2 scorpion zombies (D:4)
  Natasha (thrice) (D:3)
  3 hound zombies (D:4)
  16 gnolls
  7 adders
  2 white imps
  2 adder zombies (D:4)
  An adder skeleton (D:5)
  4 worms
  A dart slug (D:4)
  17 orcs
  14 ball pythons
  7 endoplasms
  A giant cockroach (D:1)
  11 goblins
  4 hobgoblins
  7 kobolds
  9 quokkas
  2 bats
  4 frilled lizards
  9 rats
162 creatures vanquished.

Vanquished Creatures (others)
  A fungus (D:3)
  A withered plant (D:4)
2 creatures vanquished.

Grand Total: 164 creatures vanquished

Notes
Turn   | Place    | Note
-------+----------+-------------------------------------------
     0 | D:1      | pkoi the Minotaur Hunter began the quest for the Orb.
     0 | D:1      | Reached XP level 1. HP: 18/18 MP: 0/0
   333 | D:1      | Reached XP level 2. HP: 22/25 MP: 1/1
   378 | D:1      | Reached skill level 5 in Bows
  1390 | D:2      | Reached XP level 3. HP: 30/30 MP: 2/2
  1914 | D:2      | Reached skill level 6 in Bows
  1940 | D:2      | Noticed Terence
  1950 | D:2      | Killed Terence
  1951 | D:2      | Reached XP level 4. HP: 37/37 MP: 3/3
  2497 | D:2      | Reached skill level 7 in Bows
  2497 | D:2      | Reached XP level 5. HP: 33/42 MP: 4/4
  2728 | D:3      | Found a glowing silver altar of Zin.
  2830 | D:3      | Found Biseben's Book Shop.
  2854 | D:3      | Noticed Natasha
  2862 | D:3      | Killed Natasha
  3013 | D:3      | Found a faded altar of an unknown god.
  3020 | D:3      | Got Plato's Tome of Intoxication
  3334 | D:3      | Noticed Natasha
  3338 | D:3      | Killed Natasha
  3554 | D:3      | Noticed Natasha
  3559 | D:3      | Killed Natasha
  3560 | D:3      | Reached skill level 1 in Stealth
  3560 | D:3      | Reached XP level 6. HP: 41/50 MP: 5/5
  3657 | D:3      | Reached skill level 8 in Bows
  3705 | D:3      | Identified the +6 trident of Conscience {flame, SInv}
  3826 | D:4      | Reached skill level 1 in Armour
  3962 | D:4      | Identified the +4 flail "Esitugy" {flame, Dex+5}
  3986 | D:4      | You fall into a shaft and drop 1 floor!
  3986 | D:5      | Entered Level 5 of the Dungeon
  4000 | D:5      | Reached XP level 7. HP: 38/57 MP: 6/6
  4668 | D:4      | Found a staircase to the Ecumenical Temple.
  4784 | Temple   | Entered the Ecumenical Temple
  4935 | Temple   | Became a worshipper of Dithmenos the Shadowed
  5497 | D:4      | Reached skill level 9 in Bows
  5862 | D:5      | Reached XP level 8. HP: 49/66 MP: 7/7
  6025 | D:5      | Identified the +5 chain mail "Coadyth" {Dex+3 Slay+2}
  6272 | D:5      | Gained mutation: You are strong-willed. (Will+) [potion of
                  | mutation]
  6272 | D:5      | Gained mutation: You are highly strong-willed. (Will++)
                  | [potion of mutation]
  6496 | D:5      | Noticed a two-headed ogre
  6531 | D:5      | Killed a two-headed ogre
  6532 | D:5      | Reached skill level 5 in Fighting
  6532 | D:5      | Reached skill level 10 in Bows
  6532 | D:5      | Reached skill level 5 in Dodging
  6532 | D:5      | Reached XP level 9. HP: 65/74 MP: 8/8
  6607 | D:5      | Reached * piety under Dithmenos
  7129 | D:6      | Reached skill level 5 in Armour
  7269 | D:6      | Noticed Prince Ribbit
  7273 | D:6      | Killed Prince Ribbit
  7519 | D:6      | Noticed Menkaure
  7525 | D:6      | Killed Menkaure
  7577 | D:6      | Reached skill level 11 in Bows
  7814 | D:6      | Noticed an unseen horror
  7822 | D:6      | Killed an unseen horror
  7940 | D:6      | Noticed Maggie
  7966 | D:5      | Mangled by an ogre

Illustrated notes

Levels and vault maps discovered:
D:1:      scummos_arrival_gate, layout_loops_corners, minivault_14,
          minmay_misc_feat_doors, minmay_misc_feat_chi
D:2:      layout_basic, uniq_terence
D:3:      kennysheep_the_goblin_king, layout_loops_ring,
          mainiacjoe_overflow_brackets, shapermc_ecumenical_altar_rom_forum,
          serial_shops, shop, uniq_natasha
D:4:      layout_rooms, temple_hall, serial_undead, serial_undead_e,
          serial_undead_c, serial_undead_a, serial_undead_a
D:5:      layout_cave_pools, nzn_random_ring
D:6:      layout_basic, uniq_maggie, uniq_menkaure, uniq_prince_ribbit1
D:7:      layout_layer_cave, overflow_temple_1_default, kennysheep_mini_moat,
          nicolae_sextant, uniq_harold
Temple:   nicolae_temple_elliptical

Skill      XL: |  1  2  3  4  5  6  7  8  9 |
---------------+----------------------------+-----
Bows           | 5 6 7 8 9 10 11 | 11.2
Stealth        | 1 2 3 4 |  4.5
Armour         | 1 3 4 5 |  5.0
Fighting       | 3 4 5 6 |  6.6
Dodging        | 3 5 |  5.9

Action                   |  1- 3 |  4- 6 |  7- 9 || total
-------------------------+-------+-------+-------++-------
Melee: Short sword       |    31 |       |       ||    31
       Headbutt          |    11 |     8 |    16 ||    35
       Whip              |    48 |    15 |       ||    63
       Punch             |     1 |       |       ||     1
       Trident           |       |     7 |   105 ||   112
       Shortbow          |       |       |     1 ||     1
 Fire: Shortbow          |     9 |   137 |   169 ||   315
Throw: Throwing net      |       |       |     1 ||     1
  Use: Scroll            |       |       |    11 ||    11
       Potion            |       |       |     8 ||     8
 Stab: Sleeping          |     2 |     1 |     4 ||     7
       Invisible         |       |       |     1 ||     1
Armor: Leather armour    |    19 |    10 |    39 ||    68
Dodge: Dodged            |    36 |    38 |    91 ||   165
